 Dungeon Crawl Stone Soup version 0.28.0 (webtiles) character file.

Game seed: 13771125872326333767

93 bande the Covered (level 4, -3/29 HPs)
             Began as a Gargoyle Fighter on Feb 18, 2022.
             Slain by a gnoll (12 damage)
             ... on level 2 of the Dungeon.
             The game lasted 00:02:54 (3462 turns).

bande the Covered (Gargoyle Fighter)                Turns: 3462, Time: 00:02:55

Health: -3/29      AC: 11    Str: 19    XL:     4   Next: 62%
Magic:  4/4        EV:  9    Int:  9    God:
Gold:   101        SH:  4    Dex: 11    Spells: 3/3 levels left

rFire   . . .      SeeInvis .   a - +0 war axe
rCold   . . .      Faith    .   c - +0 buckler
rNeg    + . .      Spirit   .   b - +0 scale mail
rPois   ∞          Reflect  .   (no helmet)
rElec   +          Harm     .   e - +0 cloak
rCorr   .          Rampage  .   (no gloves)
Will    .....                   (no boots)
Stlth   ..........              (no amulet)
HPRegen 0.09/turn               (no ring)
MPRegen 0.09/turn               (no ring)

@: no status effects
A: sickness immunity, AC +3, negative energy resistance 1, electricity
resistance, torment resistance 1, petrification resistance
a: no special abilities


You were on level 2 of the Dungeon.
You visited 1 branch of the dungeon, and saw 2 of its levels.

You collected 101 gold pieces.

Inventory:

Hand Weapons
 a - a +0 war axe (weapon)
 g - a +0 war axe
Armour
 b - a +0 scale mail (worn)
 c - a +0 buckler (worn)
 e - a +0 cloak (worn)
Scrolls
 h - a scroll of blinking {unknown}
Potions
 d - a potion of might
 f - a potion of haste {unknown}


   Skills:
 + Level 3.8 Fighting
 + Level 3.1 Axes
 + Level 4.1 Armour
 + Level 3.5 Shields


You had 3 spell levels left.
You didn't know any spells.
Your spell library was empty.

Dungeon Overview and Level Annotations

Branches:
Dungeon (2/15)

Altars:


Innate Abilities, Weirdness & Mutations

You are immune to sickness and miasma.
Your stone body is resilient. (AC +3)
You are immune to poison.
You resist negative energy. (rN+)
You are resistant to electric shocks. (rElec)
You are resistant to unholy torment.
You are immune to petrification.


Message History

You feel disoriented. Natasha claws you but does no damage.
You slash Natasha!
You kill Natasha!
Natasha yowls pathetically as she dies!
Your Axes skill increases to level 3!
You start resting.
You feel yourself speed up.
You start resting.
HP restored.
You start waiting.
You start waiting.
Done waiting.
A bat comes into view.
The bat hits you but does no damage.
You slash the bat!
You kill the bat!
No target in view!
No target in view!
No target in view!
No target in view!
No target in view!
No target in view!
You now have 101 gold pieces (gained 9).
Found a stone staircase leading down.
The gnoll shouts!
The gnoll hits you but does no damage.
You closely miss the gnoll.
The gnoll hits you with a +2 flail of protection! x2
You are too injured to fight recklessly!
You are too injured to fight recklessly!
You are too injured to fight recklessly!
You are too injured to fight recklessly!
You are too injured to fight recklessly!
You are too injured to fight recklessly!
You are too injured to fight recklessly!
You are too injured to fight recklessly!
You barely miss the gnoll.
The gnoll hits you with a +2 flail of protection!
You die...

.....#
.....########################
.###.#.......................
........................>####
.###.#.##....#.#............#
.# #.#.# ....# #.####.#####.#
.# #.#.# ....# #.# #.# ..
..... ....#.#.####.#### ##
#.#.# .......@#.......# #.#.#
.......g#.......# #.#.#
........#.......# #.#.#
........#.......# #.#.#
#####...#.......# #.#.#
#...#.......# #.#.#
#...#.......# #.#.#
#...#.......# ####.#.##
..#.......#


You could see a gnoll.

Vanquished Creatures
  Natasha (D:2)
  2 gnolls (D:1)
  A worm (D:2)
  A dart slug (D:1)
  4 ball pythons
  4 endoplasms
  4 giant cockroaches
  3 goblins (D:1)
  4 hobgoblins
  A quokka (D:2)
  3 bats
  4 frilled lizards
  6 kobolds
  6 rats
44 creatures vanquished.

Notes
Turn   | Place    | Note
-------+----------+-------------------------------------------
     0 | D:1      | bande the Gargoyle Fighter began the quest for the Orb.
     0 | D:1      | Reached XP level 1. HP: 14/14 MP: 1/1
   439 | D:1      | Reached XP level 2. HP: 19/19 MP: 2/2
  1163 | D:1      | Reached XP level 3. HP: 20/23 MP: 3/3
  2491 | D:1      | Reached skill level 4 in Armour
  2491 | D:1      | Reached XP level 4. HP: 23/29 MP: 4/4
  2999 | D:2      | Noticed Natasha
  3014 | D:2      | Killed Natasha
  3462 | D:2      | Slain by a gnoll

Illustrated notes

Levels and vault maps discovered:
D:1:      dpeg_cavernosity, layout_basic, kennysheep_minor_cross,
          roderic_serpentine_path
D:2:      layout_basic, uniq_natasha

Skill      XL: |  1  2  3  4 |
---------------+-------------+-----
Axes           | 2 3 |  3.1
Armour         | 4 |  4.1
Fighting       | |  3.8
Shields        | |  3.5

Action                   |  1- 3 |  4- 6 || total
-------------------------+-------+-------++-------
Melee: War axe           |   117 |    49 ||   166
  Use: Scroll            |     1 |       ||     1
Armor: Scale mail        |    60 |    18 ||    78
Dodge: Dodged            |    50 |    28 ||    78
Block: Buckler           |    25 |    11 ||    36
